 Dungeon Crawl Stone Soup version 0.25.0-9-g26727b657a (webtiles) character file.

Game seed: 11752051975524759454

20909 Delamore the Bludgeoner (level 12, -3/84 HPs)
             Began as a Gargoyle Fighter on June 18, 2020.
             Was the Champion of Okawaru.
             Slain by a death scarab (7 damage)
             ... in a Gauntlet.
             The game lasted 00:19:00 (14679 turns).

Delamore the Bludgeoner (Gargoyle Fighter)         Turns: 14679, Time: 00:19:00

Health: -3/84      AC: 22    Str: 24    XL:     12   Next: 84%
Magic:  12/12      EV:  5    Int: 10    God:    Okawaru [******]
Gold:   631        SH:  9    Dex:  9    Spells: 11/11 levels left

rFire    . . .     SeeInvis .   M - +5 eveningstar (holy)
rCold    . . .     Gourm    .   c - +0 kite shield
rNeg     + + .     Faith    .   H - +0 chain mail
rPois    ∞         Spirit   .   (no helmet)
rElec    +         Reflect  .   a - +1 cloak {Stlth+}
rCorr    .         Harm     .   (no gloves)
MR       +....     NoTele   +   W - +1 pair of boots of the Endless Expanse {rPois}
Stlth    ..........             (no amulet)
HPRegen  0.24/turn              n - ring of positive energy
MPRegen  0.13/turn              E - ring of protection from magic

@: mighty, slowed, very slow
A: negative energy resistance 1, electricity resistance, unbreathing,
petrification resistance, rot immunity, AC +8
a: Heroism, Finesse, Renounce Religion


You were in a Gauntlet.
You worshipped Okawaru.
Okawaru was exalted by your worship.
You were very hungry.

You visited 2 branches of the dungeon, and saw 15 of its levels.
You visited 1 bazaar.
You also visited: Gauntlet.

You collected 929 gold pieces.
You spent 298 gold pieces at shops.

Inventory:

Hand Weapons
 C - a +2 vorpal flail
 I - the +8 dire flail of Glory {vorpal, rPois Str+4 Int+3}
   (You acquired it on level 7 of the Dungeon)

   It inflicts extra damage upon your enemies.
   It affects your strength (+4).
   It affects your intelligence (+3).
   It protects you from poison.
 M - a +5 eveningstar of holy wrath (weapon)
Missiles
 Q - 2 javelins (quivered)
Armour
 a - a +1 cloak of stealth (worn)
 c - a +0 kite shield (worn)
 D - the +4 scale mail of the Everdark {rF- rN++ Int+5}
   (You bought it in a shop in a bazaar)

   It affects your intelligence (+5).
   It makes you vulnerable to fire.
   It greatly protects you from negative energy.
 H - a +0 chain mail (worn)
 W - the +1 pair of boots of the Endless Expanse (worn) {rPois}
   (Okawaru gifted it to you on level 13 of the Dungeon)

   It protects you from poison.
Jewellery
 n - a ring of positive energy (left hand)
 w - a +6 ring of intelligence
 E - a ring of protection from magic (right hand)
 U - a cursed ring of protection from cold {unknown}
 V - an uncursed ring of flight
Wands
 i - a wand of digging (11)
 s - a wand of acid (9)
 u - a wand of iceblast (11)
 z - a wand of paralysis (6)
 F - a wand of enslavement (10)
 O - a wand of flame (35)
Scrolls
 g - a scroll of noise
 j - 11 scrolls of teleportation
 l - 6 scrolls of fog
 o - a scroll of enchant armour
 t - a scroll of random uselessness
 y - a scroll of blinking
 B - 2 scrolls of amnesia
 J - a scroll of holy word
 K - 2 scrolls of brand weapon
 L - 3 scrolls of magic mapping
Potions
 e - a potion of lignification
 m - 4 potions of magic
 p - 2 potions of haste
 q - 2 potions of mutation
 r - 6 potions of curing
 v - 2 potions of brilliance
 G - a potion of flight
 N - a potion of ambrosia {unknown}
 P - 2 potions of degeneration {unknown}
 S - 2 potions of cancellation
 T - a potion of resistance
Comestibles
 f - 27 rations


   Skills:
 - Level 13.4 Fighting
 + Level 16.0 Maces & Flails
 - Level 4.3 Armour
 - Level 3.2 Shields


You had 11 spell levels left.
You didn't know any spells.
Your spell library contained the following spells:

 Spells                   Type           Power        Failure   Level  Hunger
 Corona                   Hex            #......      100%        1    ##.....
 Ensorcelled Hibernation  Hex/Ice        #.....       100%        2    ###....
 Confusing Touch          Hex            #.......     100%        3    ####...
 Dazzling Flash           Conj/Hex       #.....       100%        3    ####...
 Ignite Poison            Fire/Tmut/Pois #.......     100%        3    ####...
 Tukima's Dance           Hex            #.......     100%        3    ####...
 Ice Form                 Ice/Tmut       #.......     100%        4    #####..
 Fireball                 Conj/Fire      #.........   100%        5    ######.
 Starburst                Conj/Fire      #.........   100%        6    #######
 Ring of Flames           Chrm/Fire      #.........   100%        7    #######
 Ignition                 Fire           #.........   100%        8    #######
 Statue Form              Tmut/Erth      Unusable     N/A         6    N/A

Dungeon Overview and Level Annotations

Branches:
Dungeon (14/15)            Temple (1/1) D:4            Lair (0/6) D:9
    Orc (0/2) D:12         Vaults (0/5) D:13        Gauntlet (1/1)

Altars:
Ashenzari
Cheibriados
Dithmenos
Elyvilon
Fedhas
Gozag
Hepliaklqana
Kikubaaqudgha
Makhleb
Nemelex Xobeh
Okawaru
Qazlal
Ru
Sif Muna
Trog
Uskayaw
Vehumet
Wu Jian
Xom
Yredelemnul
Zin
The Shining One
Beogh

Shops:
D:7 *   D:8 ?   D:11 :

Annotations:
Gauntlet 7 transporters


Innate Abilities, Weirdness & Mutations

You are resistant to torment.
Your stone body is resilient. (AC +8)
You are immune to poison.
You resist negative energy. (rN+)
You are resistant to electric shocks. (rElec)
You can survive without breathing.
You are immune to petrification.
You are immune to rotting.


Message History

The death scarab bites you.
* * * LOW HITPOINT WARNING * * *
The death scarab drains your vigour!
You feel as though you will be slow longer.
You block the death scarab's attack.
You block the spectral black mamba's attack.
As you read the scroll labeled NUIMPO XOYF, it crumbles to dust.
The creatures around you are filled with an inner flame!
It was a scroll of immolation.
The death scarab barely misses you. The death scarab bites you.
* * * LOW HITPOINT WARNING * * *
The death scarab drains your vigour!
You feel as though you will be slow longer.
The spectral black mamba bites you.
* * * LOW HITPOINT WARNING * * *
The death scarab bites you but does no damage.
The spectral black mamba bites you but does no damage.
You feel very mighty all of a sudden. The death scarab bites you!
You die...

#..###..#:####..#..#G.##..
#....#..#ZsZ....#..###..##
#...©#..#########..#######
#....#.∩..................
.....#....................
#...©#..###########..#####
#....#..#sZ.Z.....#..#....
#..###..#Z##.##.#.#..#.##.
#.. #≈..#@.#..#...#..#.#.#
#. ##..#s.##.##..####..##
#≈..#©..#©.#..#©©#©.#.
##..#!#.##.##.####).##
#§..#.#..#....#..#.#.#
##§.#.##.##.#.#..#.##.
#§§.#.........#..#....
##.§###########..#####
#≈....................


You could see 2 spectral black mambas, a spectral eight-headed hydra, a spectral
death yak and 3 death scarabs.

Vanquished Creatures
  A hydra (D:13)
  A centaur warrior (D:12)
  2 two-headed ogres
  A tengu warrior (D:12)
  A fire crab (Gauntlet)
  2 unseen horrors
  A deep elf mage (D:12)
  2 ugly things
  A cyclops (D:11)
  A manticore (D:12)
  An elephant (shapeshifter) (D:13)
  A moth of wrath (Gauntlet)
  Maggie (D:6)
  A freezing wraith (D:12)
  A komodo dragon (D:12)
  2 trolls
  5 slime creatures
  A hippogriff (D:12)
  Sigmund (D:4)
  3 wyverns
  A yak (D:7)
  A human (D:7)
  3 hogs (D:7)
  4 fire bats (Gauntlet)
  A steam dragon (D:12)
  3 vampire mosquitoes (D:13)
  4 wargs (D:10)
  Edmund (D:4)
  2 water moccasins
  8 orc warriors
  A sky beast (D:9)
  The ghost of ijan1 the Skirmisher, an amateur FoWn (D:3)
  5 ice beasts
  9 ogres
  A necrophage (D:9)
  4 phantoms
  An eye of draining (shapeshifter) (D:13)
  6 wolves (Gauntlet)
  Blork the orc (D:4)
  A big kobold (shapeshifter) (D:13)
  3 big kobolds
  2 bullfrogs
  9 scorpions
  4 howler monkeys
  3 electric eels
  5 bullfrog zombies
  5 crimson imps
  9 hounds
  8 orc priests
  A jelly (D:9)
  19 orc wizards
  Crazy Yiuf (D:2)
  3 bullfrog skeletons
  4 centaur skeletons
  4 iguanas
  Natasha (D:4)
  14 worker ants
  A hound zombie (D:9)
  3 hound skeletons
  2 worker ant zombies
  4 gnolls
  11 adders
  2 shadow imps
  3 oozes
  5 worms
  3 dart slugs
  3 leopard geckos
  90 orcs
  3 ball pythons
  9 bats
  5 giant cockroaches
  7 goblins
  7 hobgoblins
  16 jackals
  13 kobolds
  6 quokkas
  4 frilled lizards
  A quokka skeleton (D:5)
  5 rats
386 creatures vanquished.

Notes
Turn   | Place    | Note
-------+----------+-------------------------------------------
     0 | D:1      | Delamore the Gargoyle Fighter began the quest for the Orb.
     0 | D:1      | Reached XP level 1. HP: 14/14 MP: 1/1
   105 | D:1      | Reached XP level 2. HP: 19/19 MP: 2/2
   353 | D:1      | Reached skill level 3 in Maces & Flails
   960 | D:2      | Reached XP level 3. HP: 23/23 MP: 3/3
  1016 | D:2      | Found a hide-covered altar of Uskayaw.
  1133 | D:2      | Reached skill level 4 in Maces & Flails
  1192 | D:2      | Found a faded altar of an unknown god.
  1281 | D:2      | Reached XP level 4. HP: 28/28 MP: 4/4
  1385 | D:2      | Found a runed translucent door.
  1386 | D:2      | Noticed Crazy Yiuf
  1417 | D:2      | Killed Crazy Yiuf
  1819 | D:2      | Found a stormy altar of Qazlal.
  1908 | D:2      | Reached skill level 5 in Maces & Flails
  1908 | D:2      | Reached XP level 5. HP: 31/32 MP: 5/5
  2011 | D:3      | Reached skill level 6 in Maces & Flails
  2018 | D:3      | Reached XP level 6. HP: 22/37 MP: 6/6
  2401 | D:3      | Found a runed translucent gate.
  2401 | D:3      | Found a runed translucent gate.
  2401 | D:3      | Found a runed translucent gate.
  2401 | D:3      | Noticed ijan1's ghost (amateur FoWn)
  2406 | D:3      | Found a sacrificial altar of Ru.
  2623 | D:3      | Killed ijan1's ghost
  2986 | D:4      | Reached skill level 7 in Maces & Flails
  3035 | D:4      | Noticed Blork the orc
  3045 | D:4      | Killed Blork the orc
  3045 | D:4      | Reached XP level 7. HP: 39/41 MP: 7/7
  3307 | D:5      | Entered Level 5 of the Dungeon
  3603 | D:5      | Reached skill level 8 in Maces & Flails
  3970 | D:5      | Reached XP level 8. HP: 48/48 MP: 8/8
  4247 | D:5      | Reached skill level 9 in Maces & Flails
  4555 | D:4      | Noticed Sigmund
  4564 | D:4      | Killed Sigmund
  4564 | D:4      | Reached skill level 5 in Fighting
  4614 | D:4      | Noticed Natasha
  4620 | D:4      | Killed Natasha
  4642 | D:4      | Found a staircase to the Ecumenical Temple.
  4666 | Temple   | Entered the Ecumenical Temple
  4925 | Temple   | Became a worshipper of Warmaster Okawaru
  4969 | D:4      | Noticed Edmund
  5008 | D:4      | Killed Edmund
  5319 | D:6      | Found a snail-covered altar of Cheibriados.
  5321 | D:6      | Found a sparkling altar of Nemelex Xobeh.
  5381 | D:6      | Reached skill level 10 in Maces & Flails
  5381 | D:6      | Reached XP level 9. HP: 52/56 MP: 9/9
  5795 | D:6      | Noticed Maggie
  5815 | D:6      | Killed Maggie
  5815 | D:6      | Reached * piety under Okawaru
  6307 | D:6      | Reached ** piety under Okawaru
  6426 | D:6      | Found a stormy altar of Qazlal.
  6545 | D:7      | Found a white marble altar of Elyvilon.
  6579 | D:7      | Found Fiwno's Assorted Antiques.
  6644 | D:7      | Bought a scroll labeled HEMUIF EZAGU for 25 gold pieces
  6644 | D:7      | Bought a scroll labeled GOANID SUCSIZE for 25 gold pieces
  6656 | D:7      | Got the +8 dire flail of Glory {vorpal, rPois Str+4 Int+3}
  6891 | D:7      | Reached skill level 11 in Maces & Flails
  7080 | D:7      | Reached XP level 10. HP: 53/66 MP: 10/10
  7288 | D:8      | Found Jyethroti's Magic Scroll Shoppe.
  7294 | D:8      | Bought a scroll of fog for 26 gold pieces
  7294 | D:8      | Bought a scroll of random uselessness for 13 gold pieces
  7377 | D:8      | Reached *** piety under Okawaru
  7637 | D:8      | Noticed a two-headed ogre
  7644 | D:8      | Killed a two-headed ogre
  7644 | D:8      | Reached skill level 10 in Fighting
  7655 | D:8      | Reached skill level 12 in Maces & Flails
  8198 | D:9      | Reached **** piety under Okawaru
  8237 | D:9      | You fall into a shaft and drop 3 floors!
  8237 | D:12     | Noticed a tengu warrior
  8237 | D:12     | Noticed a centaur warrior
  8242 | D:12     | Killed a centaur warrior
  8249 | D:12     | Killed a tengu warrior
  8251 | D:12     | Reached XP level 11. HP: 65/74 MP: 9/11
  8349 | D:12     | Killed an unseen horror
  8370 | D:12     | Reached ***** piety under Okawaru
  8370 | D:12     | Reached skill level 13 in Maces & Flails
  8373 | D:12     | Noticed a deep elf mage
  8396 | D:12     | Killed a deep elf mage
  8404 | D:12     | Noticed a red ugly thing
  8427 | D:12     | Killed a red ugly thing
  8583 | D:12     | Noticed a manticore
  8594 | D:12     | Killed a manticore
  8741 | D:12     | Found a flickering gateway to a bazaar.
  8748 | Bazaar   | Entered a bazaar
  8887 | Bazaar   | Found Tipp's Magic Scroll Boutique.
  8905 | Bazaar   | Found Voghuhiv's Antique Armour Emporium.
  8922 | Bazaar   | Found Byckearu's Weapon Boutique.
  8939 | Bazaar   | Found Ketz's Antique Armour Shoppe.
  8976 | Bazaar   | Bought a translucent scale mail for 171 gold pieces
  8986 | Bazaar   | Identified the +4 scale mail of the Everdark {rF- rN++
                  | Int+5} (You bought it in a shop in a bazaar)
  9001 | Bazaar   | Bought a scroll of magic mapping for 38 gold pieces
  9220 | D:11     | Noticed a cyclops
  9226 | D:11     | Killed a cyclops
  9226 | D:11     | Reached ****** piety under Okawaru
  9312 | D:11     | Found Custoko's Book Boutique.
  9316 | D:11     | Noticed a purple ugly thing
  9325 | D:11     | Killed a purple ugly thing
  9393 | D:10     | Entered Level 10 of the Dungeon
  9450 | D:9      | Found a shadowy altar of Dithmenos.
  9589 | D:9      | Found a roughly hewn altar of Beogh.
  9778 | D:9      | Found a glowing golden altar of the Shining One.
 10012 | D:9      | Found a staircase to the Lair.
 10366 | D:10     | Noticed a two-headed ogre
 10379 | D:10     | Killed a two-headed ogre
 10379 | D:10     | Received a gift from Okawaru
 10379 | D:10     | Reached skill level 14 in Maces & Flails
 10388 | D:10     | Reached XP level 12. HP: 74/84 MP: 12/12
 10509 | D:10     | Identified the Handbook of Burning Transmigration
 11071 | D:10     | Received a gift from Okawaru
 12249 | D:12     | Found a staircase to the Orcish Mines.
 12834 | D:13     | Reached skill level 15 in Maces & Flails
 13732 | D:13     | Noticed a four-headed hydra
 13736 | D:13     | Found a gate to the Vaults.
 13744 | D:13     | Killed a four-headed hydra
 13744 | D:13     | Received a gift from Okawaru
 13745 | D:13     | Got a pair of pitted boots {god gift}
 13756 | D:13     | Identified the +1 pair of boots of the Endless Expanse
                  | {rPois} (Okawaru gifted it to you on level 13 of the
                  | Dungeon)
 14013 | D:14     | Found a gate leading to a gauntlet.
 14020 | Gauntlet | Entered a Gauntlet
 14020 | Gauntlet | Found a transporter.
 14020 | Gauntlet | Found a transporter.
 14020 | Gauntlet | Found a transporter.
 14021 | Gauntlet | Found a transporter.
 14024 | Gauntlet | Found a transporter.
 14025 | Gauntlet | Found a transporter.
 14044 | Gauntlet | Found a transporter.
 14045 | Gauntlet | Found a transporter.
 14046 | Gauntlet | Found a transporter.
 14048 | Gauntlet | Found a transporter.
 14061 | Gauntlet | Noticed a death scarab
 14067 | Gauntlet | Found a transporter.
 14070 | Gauntlet | Found a transporter.
 14076 | Gauntlet | Noticed a death scarab
 14087 | Gauntlet | Noticed a death scarab
 14088 | Gauntlet | Noticed a death scarab
 14462 | Gauntlet | Reached skill level 16 in Maces & Flails
 14678 | Gauntlet | HP: 3/84 [spectral black mamba (6)]
 14679 | Gauntlet | Slain by a death scarab

Illustrated notes

Levels and vault maps discovered:
D:1:      sevenhm_arrival_forest_fort_small_5, layout_basic,
          minmay_misc_feat_more_columns
D:2:      layout_basic, eat_drink_and_be_merry_uskayaw,
          chequers_ecumenical_altar_island, lemuel_tele_altar,
          uniq_crazy_yiuf_cottage
D:3:      layout_rooms, nicolae_ru_great_annihilating_truth,
          ebering_ghost_rock_garden, first_ration
D:4:      layout_rooms, minmay_temple_entry_antechambers, uniq_natasha,
          uniq_edmund, uniq_blork_the_orc, uniq_sigmund
D:5:      layout_basic, hangedman_decor_growths, moated_statue, minivault_24
D:6:      layout_basic, minitemple, grunt_qazlal_clouds,
          kennysheep_generic_room_4, uniq_maggie
D:7:      layout_loops_ring, elyvilon_altar_3, serial_shops,
          nicolae_shop_statue_plus, grunt_livestock
D:8:      layout_basic, serial_shops, nicolae_shop_crystal, kennysheep_potato
D:9:      layout_roguey, nicolae_dithmenos_the_darkroom, tso_metal_star,
          dpeg_oklobed_lair, special_room [special_room_orc]
D:10:     layout_basic, nooodl_orcs_dogs
D:11:     layout_gridville, serial_shops, nicolae_shop_waterfront,
          feat_on_display
D:12:     layout_long_grid, hiddenorc1_lemuel, serial_shops, bzr_entry_safe
D:13:     layout_roguey, david_vaults_2
D:14:     layout_gridville, gauntlet_entry_generic, uniq_azrael, uniq_nessos
Temple:   eino_temple_lava
Gauntlet: minmay_gauntlet_mixed_big_or_small [nicolae_gauntlet_arena_t_cross,
          minmay_gauntlet_arena_77_chump_sandwich,
          gammafunk_gauntlet_arena_corners, minmay_gauntlet_arena_77_mess,
          nicolae_gauntlet_arena_grate_2, minmay_gauntlet_arena_77_box,
          gauntlet_exit_spiral]

Skill      XL: |  1  2  3  4  5  6  7  8  9 10 11 12 |
---------------+-------------------------------------+-----
Maces & Flails | 3 4 5 6 7 8 10 11 12 14 16 | 16.0
Fighting       | 4 6 9 11 13 | 13.4
Armour         | 4 |  4.3
Shields        | |  3.2

Action                   |  1- 3 |  4- 6 |  7- 9 | 10-12 || total
-------------------------+-------+-------+-------+-------++-------
Melee: Flail             |    72 |       |   167 |       ||   239
       Mace              |    55 |   195 |   248 |       ||   498
       Dire flail        |       |       |    19 |   432 ||   451
       Eveningstar       |       |       |       |   253 ||   253
Invok: Heroism           |       |       |       |     2 ||     2
Evoke: Wand              |       |     2 |     1 |       ||     3
  Use: Scroll            |       |       |     8 |    16 ||    24
       Potion            |       |       |       |     6 ||     6
 Stab: Paralysed         |       |     1 |       |       ||     1
  Eat: Chunk             |     1 |     6 |    14 |    23 ||    44
Armor: Scale mail        |    87 |   114 |   141 |   269 ||   611
       Chain mail        |       |       |    50 |   138 ||   188
Dodge: Dodged            |    44 |    73 |   102 |   259 ||   478
Block: Kite shield       |    76 |    83 |   171 |   141 ||   471
